 Dungeon Crawl Stone Soup version 0.26-a0-649-gf8c6c3aab7 (webtiles) character file.

Game seed: 177599724102357875

53 slambob the Sneak (level 3, -2/27 HPs)
             Began as a Spriggan Brigand on Sept 28, 2020.
             Slain by a worm (7 damage)
             ... on level 2 of the Dungeon.
             The game lasted 00:12:03 (1361 turns).

slambob the Sneak (Spriggan Brigand)                Turns: 1361, Time: 00:12:04

Health: -2/27      AC: 21    Str:  6 (8)  XL:     3   Next: 64%
Magic:  4/4        EV:  4    Int: 12      God:
Gold:   63         SH:  0    Dex: 16 (17) Spells: 2/2 levels left

rFire    + . .     SeeInvis +   a - +2 dagger
rCold    + . .     Faith    .   (shield restricted)
rNeg     + + +     Spirit   .   (armour currently unavailable)
rPois    +         Reflect  .   (helmet currently unavailable)
rElec    +         Harm     .   (cloak currently unavailable)
rCorr    +         Rampage  .   (gloves unavailable)
MR       .....     NoTele   +   (boots unavailable)
Stlth    ++++......             (no amulet)
HPRegen  0.09/turn              (no ring)
MPRegen  0.09/turn              (no ring)

@: tree-form (expiring), resistant
A: very small, unfitting armour, see invisible
a: no special abilities


You were on level 2 of the Dungeon.
You were a tree.
You visited 1 branch of the dungeon, and saw 2 of its levels.

You collected 63 gold pieces.

Inventory:

Hand Weapons
 a - a +2 dagger (weapon)
Missiles
 d - 17 poisoned darts (quivered)
 e - 2 curare-tipped darts
Armour
 b - a +0 robe (melded)
 c - a +0 cloak (melded)
Scrolls
 h - a scroll of blinking {unknown}
 i - a scroll of enchant weapon {unknown}


   Skills:
 + Level 1.7 Fighting
 + Level 2.4 Short Blades
 + Level 2.4 Throwing
 + Level 1.9 Dodging
 + Level 7.3 Stealth


You had 2 spell levels left.
You didn't know any spells.
Your spell library was empty.

Dungeon Overview and Level Annotations

Branches:
Dungeon (2/15)

Altars:
Ashenzari


Innate Abilities, Weirdness & Mutations

You are very small and have problems with some larger weapons.
You are too small for most types of armour.
You have supernaturally acute eyesight. (SInv)
((You cover ground extremely quickly.))


Message History

You kill the bat!
You start resting.
A goblin is nearby!
A goblin is nearby!
A goblin is nearby!
You start resting.
A goblin is nearby!
You start resting.
A worm is nearby!
A worm is nearby!
You start resting.
A goblin is nearby!
Your transformation is almost over.
The goblin shouts!
You hit the worm.
The worm is lightly wounded.
You hit the worm.
The worm is moderately wounded.
The goblin barely misses you. The worm bites you!
You die...

#. #.# #$#
##<##.####.####
#..........S...
...#.#.#..##.###
....#...##.#
#....###.....# .
##... #...####
... ...
#.#.g###.....
##.
#.#..♣w......
........##......
.######## #....
... .


You could see a worm and a goblin.

Vanquished Creatures
  An adder (D:2)
  An ooze (D:1)
  A dart slug (D:1)
  A leopard gecko (D:1)
  2 giant cockroaches (D:1)
  6 goblins (D:1)
  5 hobgoblins
  5 bats
  4 frilled lizards (D:1)
  5 kobolds
  6 rats (D:1)
37 creatures vanquished.

Notes
Turn   | Place    | Note
-------+----------+-------------------------------------------
     0 | D:1      | slambob the Spriggan Brigand began the quest for the Orb.
     0 | D:1      | Reached XP level 1. HP: 10/10 MP: 2/2
    33 | D:1      | Reached skill level 6 in Stealth
   135 | D:1      | Reached XP level 2. HP: 12/14 MP: 3/3
   281 | D:1      | Reached skill level 7 in Stealth
   511 | D:1      | Reached XP level 3. HP: 15/18 MP: 4/4
  1017 | D:1      | Found a broken altar of Ashenzari.
  1361 | D:2      | Slain by a worm

Illustrated notes

Levels and vault maps discovered:
D:1:      dpeg_arrival_water_altar, layout_rooms, minmay_misc_feat_columns,
          st_stairs_11, minmay_three_crescents
D:2:      layout_loops_ring, marbit_many_paths

Skill      XL: |  1  2 |
---------------+-------+-----
Stealth        | 6 7 |  7.3
Fighting       | |  1.7
Short Blades   | |  2.4
Throwing       | |  2.4
Dodging        | |  1.9

Action                   || total
-------------------------++-------
Melee: Dagger            ||   128
Throw: Dart              ||    29
  Use: Potion            ||     4
       Scroll            ||     1
 Stab: Sleeping          ||     2
Armor: Robe              ||    17
       Skin              ||     3
Dodge: Dodged            ||   112

Table legend: (Time is in decaauts)
 A = Elapsed time spent in this place.
 B = Non-inter-level travel time spent in this place.
 C = Inter-level travel time spent in this place.
 D = Time resting spent in this place.
 E = Time spent auto-exploring this place.
 F = Levels seen in this place.
 G = Mean time per level.
                   A        B        C        D        E       F      G
               +--------+--------+--------+--------+--------+-----+--------+
         Total |    992 |    980 |     12 |    193 |    249 |   2 |  496.0 |
       Dungeon |    992 |    980 |     12 |    193 |    249 |   2 |  496.0 |
               +--------+--------+--------+--------+--------+-----+--------+

Top non-repeatable levels by time:
     D:1: 809 daAuts
     D:2: 183 daAuts
